 Dungeon Crawl Stone Soup version 0.30-a0-743-gbfdf073431 (webtiles) character file.

Game seed: 15660913986209312742

116 sircluck the Sneak (level 4, -4/33 HPs)
             Began as a Demonspawn Brigand on Feb 6, 2023.
             Slain by a black bear (6 damage)
             ... on level 4 of the Dungeon.
             The game lasted 00:09:27 (2829 turns).

sircluck the Sneak (Demonspawn Brigand)             Turns: 2829, Time: 00:09:27

Health: -4/33      AC:  4    Str: 11    XL:     4   Next: 70%
Magic:  4/4        EV: 12    Int: 12    God:
Gold:   157        SH:  4    Dex: 17    Spells: 3/3 levels left

rFire   . . .      SeeInvis .    a - +2 dagger
rCold   . . .      Faith    .    (no shield)
rNeg    . . .      Spirit   .    b - +0 robe
rPois   .          Reflect  .    (no helmet)
rElec   .          Harm     .    c - +0 cloak
rCorr   .          Rampage  .    (no gloves)
Will    .....                    x - +0 pair of boots
Stlth   +++                      (no amulet)
HPRegen 0.25/turn                k - ring of flight
MPRegen 0.09/turn                (no ring)

@: flying
A: hooves 1, demonic guardian 1, condensation shield
a: no special abilities


You were on level 4 of the Dungeon.
You visited 1 branch of the dungeon, and saw 4 of its levels.

You collected 157 gold pieces.

Inventory:

Hand Weapons
 a - a +2 dagger (weapon)
Missiles
 d - 8 poisoned darts
 e - 2 curare-tipped darts (quivered)
 g - 17 stones
 i - 9 javelins
Armour
 b - a +0 robe (worn)
 c - a +0 cloak (worn)
 x - a +0 pair of boots (worn)
Jewellery
 k - a ring of flight (left hand)
Scrolls
 f - a scroll of teleportation {unknown}
 h - a scroll of silence {unknown}
 j - 7 scrolls of identify {unknown}
 q - a scroll of immolation {unknown}
 r - a scroll of enchant armour {unknown}
 t - a scroll of enchant weapon {unknown}
 w - a scroll of poison {unknown}
Potions
 l - a potion of resistance {unknown}
 m - a potion of haste {unknown}
 n - a potion of invisibility {unknown}
 o - a potion of might {unknown}
 p - 2 potions of heal wounds {unknown}
 s - 2 potions of curing {unknown}
 u - a potion of mutation {unknown}
 v - a potion of ambrosia {unknown}
 z - a potion of brilliance {unknown}


   Skills:
 + Level 2.2 Fighting
 + Level 2.6 Short Blades
 + Level 2.4 Throwing
 + Level 1.3 Dodging
 * Level 4.7 Stealth
 + Level 0.5 Shields


You had 3 spell levels left.
You didn't know any spells.
Your spell library contained the following spells:

 Spells                   Type           Power      Damage    Failure   Level
 Call Canine Familiar     Summ           0%         N/A       69%         3
 Frozen Ramparts          Ice            0%         1d1       69%         3
 Portal Projectile        Hex/Tloc       0%         N/A       69%         3
 Ice Form                 Ice/Tmut       0%         N/A       97%         4
 Leda's Liquefaction      Hex/Erth       0%         N/A       97%         4
 Summon Ice Beast         Ice/Summ       0%         N/A       97%         4


Dungeon Overview and Level Annotations

Branches:
Dungeon (4/15)
 Temple: D:4-7

Altars:


Innate Abilities, Weirdness & Mutations

You have large cloven feet.
A weak demonic guardian rushes to your aid.
A meltable shield of frost defends you. (SH +4)


Message History

The black bear bites you! You block the black bear's attack.
The black bear barely misses you.
You throw a poisoned dart. The poisoned dart hits the black bear.
The black bear is poisoned.
The black bear is lightly wounded.
You hit the black bear.
The black bear is lightly wounded.
The black bear bites you. The black bear claws you. The black bear misses you.
You hit the black bear but do no damage.
The black bear is lightly wounded.
You block the black bear's attack. The black bear barely misses you. x2
You hit the black bear.
The black bear is moderately wounded.
The black bear bites you but does no damage.
The black bear closely misses you. The black bear claws you.
Setting a skill training target for Throwing at 6.0.
Adjust to which letter? (? for menu, Esc to quit)
Okay, then.
Unknown command.
Throw: 3 darts (curare)
Press: ? - help, Q - select action, (/) - cycle Shift-Dir - straight line, f/p - black bear
Aim: a black bear (moderately wounded, poisoned, 69% to hit)
You throw a curare-tipped dart.
The curare-tipped dart hits the black bear.
The black bear looks even sicker.
The black bear convulses.
The black bear seems to slow down.
The black bear is heavily wounded.
The black bear shakes off its lethargy.
The black bear goes berserk!
The black bear attacks as you move away!
The black bear bites you!
* * * LOW HITPOINT WARNING * * *
The black bear barely misses you. x2
You hit the black bear but do no damage.
The black bear is severely wounded.
The black bear bites you.
* * * LOW HITPOINT WARNING * * *
A demonic guardian appears!
The black bear misses you. The black bear closely misses you.
You block the black bear's attack. The black bear misses you.
The black bear claws you.
You die...

....## ##.###.# ##.##
.....####...##.########...####
.....'.......................+
.....####...##.########...####
....## ##.###.### ##.## ...##
#.......# #.# ..## #.###.#5#
####.# '## #.#...#.# #....# .#
#.#.###@# #.#### .###
#.#.###h# #.# ...# #.......#
#.# ##### ...# ###.##### #.#
#.<.. ...# #######(#
#.#######.... ...# #.......#
#............ .#.# #.#######
#########.... ##.###.# #....
.......# ###..


You could see a black bear (berserk, very poisoned, ally target) and a friendly
shadow imp (summoned).

Vanquished Creatures
  Natasha (D:4)
  5 adders
  A worm (D:2)
  4 endoplasms
  4 giant cockroaches
  5 goblins
  5 hobgoblins
  2 jackals (D:2)
  2 quokkas (D:1)
  3 ball pythons
  A bat (D:1)
  A frilled lizard (D:1)
  3 kobolds
  4 rats
41 creatures vanquished.

Vanquished Creatures (collateral kills)
  An endoplasm (D:1)
1 creature vanquished.

Vanquished Creatures (others)
  12 plants (D:2)
12 creatures vanquished.

Grand Total: 54 creatures vanquished

Notes
Turn   | Place    | Note
-------+----------+-------------------------------------------
     0 | D:1      | sircluck the Demonspawn Brigand began the quest for the
                  | Orb.
     0 | D:1      | Reached XP level 1. HP: 16/16 MP: 1/1
   445 | D:1      | Reached skill level 4 in Stealth
   471 | D:1      | Gained mutation: A weak demonic guardian rushes to your
                  | aid. [demonic ancestry]
   471 | D:1      | Reached XP level 2. HP: 16/22 MP: 2/2
   993 | D:2      | Reached skill level 1 in Dodging
  1173 | D:2      | Gained mutation: A meltable shield of frost defends you.
                  | (SH +4) [demonic ancestry]
  1173 | D:2      | Reached XP level 3. HP: 27/27 MP: 3/3
  2146 | D:3      | Gained mutation: You have large cloven feet. [demonic
                  | ancestry]
  2146 | D:3      | Reached XP level 4. HP: 30/33 MP: 4/4
  2470 | D:4      | Noticed Natasha
  2519 | D:4      | Killed Natasha
  2782 | D:4      | Noticed a black bear
  2829 | D:4      | Slain by a black bear

Illustrated notes

Levels and vault maps discovered:
D:1:      dpeg_arrival_solitude, layout_basic
D:2:      layout_basic, serial_bayou_lagoon_a, amcnicky_mini_corridor_feature
D:3:      layout_basic, bh_walls_and_bars
D:4:      layout_loops_corners, okawaru_ov_weapons_minmay,
          nicolae_overflow_hidden_temple, uniq_natasha, uniq_edmund

Skill      XL: |  1  2 |
---------------+-------+-----
Stealth        | 4 |  4.7
Throwing       | 2 |  2.4
Short Blades   | 2 |  2.6
Dodging        | 1 |  1.3
Fighting       | |  2.2
Shields        | |  0.5

Action                     |  1- 3 |  4- 6 || total
---------------------------+-------+-------++-------
  Melee: Dagger            |   170 |    24 ||   194
         Punch             |     1 |       ||     1
  Throw: Dart              |    37 |    11 ||    48
   Stab: Sleeping          |     6 |     4 ||    10
 Armour: Robe              |    46 |     5 ||    51
  Dodge: Dodged            |    82 |    20 ||   102
  Block: Other             |     1 |     4 ||     5

Table legend: (Time is in decaauts)
 A = Elapsed time spent in this place.
 B = Non-inter-level travel time spent in this place.
 C = Inter-level travel time spent in this place.
 D = Time resting spent in this place.
 E = Time spent auto-exploring this place.
 F = Levels seen in this place.
 G = Mean time per level.
                   A        B        C        D        E       F      G
               +--------+--------+--------+--------+--------+-----+--------+
         Total |   2810 |   2643 |    167 |    156 |   1373 |   4 |  702.5 |
       Dungeon |   2810 |   2643 |    167 |    156 |   1373 |   4 |  702.5 |
               +--------+--------+--------+--------+--------+-----+--------+

Top non-repeatable levels by time:
     D:2: 884 daAuts
     D:1: 824 daAuts
     D:3: 714 daAuts
     D:4: 387 daAuts
